AoeStats
← Simon Stokvis

Fortress

507951249Analyzed
4v4 RM · 11d ago on Sep 20, 2026· 36m 28s· 8 players
Game mode
Random Map
Map size
Huge
Population
200
Speed
Normal
Resources
Standard
Victory
Conquest
Starting age
Dark Age
Ending age
Imperial Age
RankedLock teamsTeams togetherTeam positionsShared explorationLock speedFull tech treeHidden civsTurbo modeCheats
Victory
Defeat
🇹🇷 Japanese · Türkiye
1489
+13
🇹🇷 Khmer · Türkiye
1456
+14
🇳🇱 Italians · Netherlands
1454
+14
🇪🇸 Cumans · Spain
1334
+19
🇦🇺 Sicilians · Australia
1448
-17
🇨🇳 Persians · China
1409
-15
🇦🇺 Wei · Australia
1396
-14
🇩🇪 Bohemians · Germany
1391
-14
老头
7:57 Feudal Age
12:17 Castle Age
10:59 Double-Bit Axe
10:57 Horse Collar
15:55 Loom
17:45 Wheelbarrow
18:30 Heavy Plow
20:03 Gold Mining
20:38 Stone Mining
22:53 Hand Cart
23:45 Gold Shaft Mining
23:47 Bow Saw
27:33 Imperial Age
27:07 Scale Barding Armor
27:13 Forging
27:50 Stone Shaft Mining
28:33 Chain Barding Armor
29:23 Iron Casting
29:44 Crop Rotation
30:38 Plate Barding Armor
30:17 Bloodlines
30:08 Husbandry
31:19 Two-Man Saw
32:53 Blast Furnace
32:23 Elite War Elephant
B1mple
7:03 Feudal Age
11:48 Castle Age
11:10 Loom
11:29 Padded Archer Armor
11:26 Double-Bit Axe
11:25 Horse Collar
12:59 Heavy Plow
21:34 Chemistry
20:54 Bow Saw
21:51 Padded Archer Armor
22:10 Wagenburg Tactics
28:14 Imperial Age
26:28 Wheelbarrow
26:39 Town Watch
28:56 Fletching
30:24 Bodkin Arrow
30:45 Leather Archer Armor
30:15 Crossbowman
30:22 Elite Skirmisher
31:05 Bracer
32:33 Ballistics
31:55 Pikeman
32:36 Squires
The Rohirrim
8:12 Feudal Age
9:12 Double-Bit Axe
11:55 Castle Age
9:44 Horse Collar
10:19 Gold Mining
12:57 Wheelbarrow
13:20 Bow Saw
13:40 Loom
22:09 Bloodlines
TheWololoWombat
8:24 Feudal Age
12:06 Castle Age
9:58 Double-Bit Axe
10:25 Horse Collar
14:55 Loom
17:05 Town Watch
18:49 Wheelbarrow
21:20 Fletching
21:55 Hand Cart
28:18 Imperial Age
26:40 Scale Mail Armor
26:50 Forging
26:49 Scale Barding Armor
26:55 Bloodlines
26:46 Husbandry
26:54 Scale Mail Armor
26:55 Squires
26:41 Arson
27:56 First Crusade
28:22 Iron Casting
27:33 Gambesons
28:28 Cavalier
29:30 Chain Barding Armor
29:30 Chain Mail Armor
30:41 Conscription
31:25 Chain Barding Armor
31:34 Hauberk
33:11 Plate Barding Armor
33:43 Blast Furnace
Simon Stokvis
7:41 Feudal Age
11:43 Castle Age
9:48 Double-Bit Axe
9:51 Horse Collar
12:47 Bow Saw
21:11 Fletching
25:14 Imperial Age
26:01 Ballistics
25:29 Elite Genoese Crossbowman
26:07 Bodkin Arrow
30:35 Chemistry
30:26 Bracer
30:26 Padded Archer Armor
32:56 Two-Man Saw
34:14 Leather Archer Armor
34:50 Masonry
35:02 Conscription
34:52 Pirotechnia
34:30 Town Watch
35:21 Wheelbarrow
34:31 Loom
36:00 Ring Archer Armor
Yokolucu
7:45 Feudal Age
11:58 Castle Age
9:59 Horse Collar
10:21 Double-Bit Axe
12:39 Heavy Plow
12:50 Bow Saw
14:57 Wheelbarrow
23:42 Imperial Age
21:29 Gold Mining
21:50 Husbandry
21:55 Stone Mining
22:36 Scale Barding Armor
22:50 Bloodlines
24:48 Chain Barding Armor
26:42 Elite Ballista Elephant
27:57 Double Crossbow
28:37 Siege Engineers
29:34 Chemistry
29:43 Plate Barding Armor
29:41 Conscription
31:47 Forging
32:08 Hand Cart
31:39 Loom
35:30 Iron Casting
GPA_PisagorAmca
8:23 Feudal Age
12:06 Castle Age
9:57 Double-Bit Axe
10:27 Horse Collar
11:26 Scale Mail Armor
13:05 Bow Saw
27:34 Imperial Age
25:23 Fletching
25:42 Heavy Plow
25:56 Padded Archer Armor
26:11 Bodkin Arrow
26:41 Gold Mining
27:55 Leather Archer Armor
28:11 Husbandry
28:22 Bloodlines
30:49 Ballistics
30:53 Bracer
31:12 Thumb Ring
33:00 Parthian Tactics
33:39 Ring Archer Armor
33:10 Heavy Cavalry Archer
35:07 Two-Man Saw
35:23 Chemistry
35:32 Wheelbarrow
35:25 Loom
CARANZA
7:55 Feudal Age
8:33 Double-Bit Axe
8:32 Horse Collar
9:03 Loom
10:30 Wheelbarrow
15:02 Gold Mining
18:13 Castle Age
19:12 Bow Saw
19:04 Heavy Plow
18:58 Fletching
19:08 Padded Archer Armor
19:36 Hand Cart
20:24 Bodkin Arrow
20:44 Leather Archer Armor
21:49 Leather Archer Armor
26:26 Imperial Age
24:53 Forging
24:48 Scale Barding Armor
25:03 Bloodlines
27:20 Iron Casting
27:06 Chain Barding Armor
26:39 Cavalier
28:47 Crop Rotation
29:26 Blast Furnace
28:03 Paladin
29:32 Caravan
30:10 Gold Shaft Mining
32:57 Two-Man Saw
35:12 Steppe Husbandry
35:33 Conscription
Connection lost

Rejoining the realm…

Still unreachable

The connection could not be restored.

Session expired

The server has moved on; the page needs a fresh start.